Map: Corrosion EC

Players

HoldTheDoor

  • Race: Protoss Protoss
  • League: Diamond
  • Spawn Location: 5:00

Hefaistos - Winner!

  • Race: Zerg Zerg
  • League: Platinum
  • Spawn Location: 11:00

VOD

Have the link to the VOD?

Description

Time

  • Played on: July 15, 2018, 12:59 p.m.
  • Length: 13:10
Show
View Real Time Build Order
Export as new Build Order

HoldTheDoor Protoss 

Build Orders: 1 Gate Expand, Oracle Opening 

Get SALT Encoding   

  12  0:00  Probe  
  13  0:12  Probe  
  14  0:20  Pylon  
  14  0:25  Probe  
  15  0:37  Probe  
  15  0:41  Gateway  
  16  0:45  Probe  
  16  0:46  Assimilator  
  17  0:54  Probe  
  18  1:10  Probe  
  19  1:28  Nexus  
  19  1:35  Cybernetics Core  
  19  1:38  Probe  
  20  1:44  Assimilator  
  20  1:51  Probe  
  21  1:56  Pylon  
  21  2:03  Probe  
  22  2:14  Zealot  
  22  2:15  Probe  
  25  2:17  Protoss Air Weapons Level 1  
  25  2:27  Probe  
  26  2:30  Pylon  
  26  2:37  Gateway  
  26  2:39  Probe  
  27  2:45  Probe  
  27  2:46  Stalker  
  30  2:53  Probe  
  31  2:59  Probe  
  32  3:06  Stargate  
  32  3:12  Probe x2  
  34  3:18  Pylon  
  34  3:22  Zealot  
  34  3:24  Probe  
  34  3:27  Zealot  
  39  3:30  Probe  
  40  3:46  Oracle  
  40  3:47  Stargate  
  43  3:57  Warp Gate  
  43  4:00  Probe x2  
  43  4:02  Assimilator  
  45  4:05  Pylon  
  45  4:11  Gateway  
  45  4:12  Probe x2  
  45  4:13  Assimilator  
  47  4:24  Probe  
  48  4:25  Zealot x2, Oracle  
  55  4:39  Probe x2  
  57  4:47  Oracle  
  57  4:51  Probe x2  
  62  5:17  Oracle  
  65  5:23  Zealot x2  
  65  5:27  Pylon  
  69  5:28  Pylon  
  69  5:32  Pylon  
  69  5:35  Protoss Air Armor Level 1, Pylon  
  69  5:37  Pylon  
  69  5:45  Oracle  
  72  5:53  Oracle  
  75  6:12  Oracle  
  69  6:18  Stalker x2  
  69  6:19  Stalker  
  69  6:24  Phoenix  
  78  6:31  Forge  
  78  6:48  Pylon  
  78  6:49  Phoenix x2  
  80  6:56  Stalker x3  
  83  7:15  Photon Cannon  
  83  7:18  Photon Cannon  
  83  7:19  Phoenix  
  83  7:20  Photon Cannon  
  83  7:21  Phoenix  
  87  7:22  Photon Cannon  
  87  7:26  Pylon  
  87  7:27  Photon Cannon  
  87  7:30  Pylon  
  87  7:33  Photon Cannon  
  87  7:39  Photon Cannon  
  87  7:47  Photon Cannon  
  87  7:49  Probe x2  
  89  8:01  Probe x2  
  89  8:02  Phoenix  
  93  8:08  Phoenix  
  92  8:25  Stalker x3  
  54  8:49  Phoenix x2  
  54  8:51  Zealot  
  54  8:52  Zealot  
  54  8:54  Probe  
  54  8:55  Probe  
  62  9:05  Gateway  
  62  9:09  Twilight Council  
  58  9:14  Phoenix  
  56  9:19  Zealot  
  56  9:20  Zealot  
  56  9:35  Protoss Shields Level 1  
  56  9:36  Charge  
  52  9:41  Zealot x3  
  52  9:44  Phoenix x2  
  62  9:56  Probe x2  
  64  10:04  Pylon  
  64  10:06  Sentry x2  
  68  10:08  Probe  
  69  10:22  Zealot x2  
  73  10:30  Pylon  
  73  10:33  Nexus  
  73  10:40  Phoenix  
  75  10:44  Phoenix  
  77  10:50  Probe x2  
  77  10:56  Zealot  
  81  10:57  Sentry  
  81  11:02  Probe  
  84  11:04  Probe  
  84  11:07  Phoenix  
  87  11:14  Probe  
  88  11:18  Zealot x2  
  88  11:22  Assimilator  
  92  11:44  Zealot x2  
  92  11:45  Zealot x2  
  94  11:55  Probe x2  
  94  11:56  Fleet Beacon  
  94  11:59  Probe  
  94  12:00  Pylon  
  97  12:05  Pylon  
  97  12:06  Assimilator  
  97  12:07  Probe x2  
  99  12:20  Robotics Facility  
  99  12:22  Pylon  
  101  12:25  Void Ray  
  103  12:36  Probe  
  103  12:37  Probe x2  
  110  12:44  Zealot  
  110  12:45  Zealot  
  110  12:48  Zealot  
  110  12:49  Probe  
  110  12:50  Zealot  
Show
View Real Time Build Order
Export as new Build Order

Hefaistos Zerg - Winner!

Build Orders: Hatch First 

Get SALT Encoding   

  12  0:01  Drone  
  13  0:09  Drone  
  14  0:16  Overlord  
  14  0:34  Drone x3  
  17  0:45  Drone  
  18  0:55  Hatchery  
  17  0:58  Drone  
  18  1:11  Spawning Pool  
  18  1:13  Extractor  
  18  1:16  Drone  
  17  1:20  Drone  
  18  1:28  Drone  
  19  1:40  Drone  
  20  1:49  Overlord  
  20  1:55  Extractor  
  20  1:59  Queen  
  21  2:03  Zergling x2  
  21  2:08  Queen, Drone  
  23  2:11  Drone  
  26  2:17  Drone  
  27  2:23  Drone  
  28  2:33  Drone x2  
  30  2:40  Drone  
  31  2:45  Lair  
  31  2:46  Drone  
  32  2:52  Drone  
  32  2:55  Drone  
  34  3:00  Overlord  
  34  3:09  Drone  
  34  3:10  Drone  
  36  3:27  Extractor, Drone x2  
  35  3:28  Drone  
  35  3:30  Extractor, Drone x2  
  35  3:31  Drone  
  40  3:34  Overlord x2  
  40  3:52  Spore Crawler  
  40  3:53  Drone  
  40  3:57  Spire  
  40  4:00  Drone x3  
  40  4:02  Drone x3  
  45  4:06  Drone  
  45  4:08  Drone  
  45  4:09  Drone  
  48  4:15  Drone  
  49  4:17  Spore Crawler  
  49  4:18  Overseer  
  49  4:21  Overseer  
  49  4:23  Drone  
  49  4:24  Overlord x2  
  49  4:38  Drone  
  50  4:51  Hatchery  
  48  5:05  Queen  
  44  5:14  Spore Crawler  
  44  5:15  Drone x3  
  44  5:16  Drone x2  
  48  5:23  Spore Crawler  
  47  5:34  Drone  
  48  5:35  Hydralisk Den  
  48  5:36  Mutalisk x10  
  67  5:49  Metabolic Boost  
  67  5:53  Overlord  
  67  5:54  Overlord x2  
  67  6:03  Queen  
  70  6:04  Drone  
  68  6:22  Hydralisk  
  68  6:23  Hydralisk x6  
  68  6:24  Hydralisk  
  84  6:55  Hydralisk x7  
  94  7:01  Drone  
  94  7:02  Drone x3  
  94  7:04  Overlord x2  
  98  7:18  Overlord  
  98  7:22  Grooved Spines  
  98  7:24  Drone x3  
  98  7:25  Drone x2  
  103  7:33  Drone  
  104  7:38  Queen, Spore Crawler  
  104  7:43  Drone x2  
  107  7:44  Spore Crawler  
  107  7:45  Drone x3  
  109  8:01  Hydralisk x2  
  109  8:02  Hydralisk x4  
  109  8:04  Overlord  
  109  8:05  Overlord x2  
  121  8:21  Hydralisk  
  121  8:22  Hydralisk x6  
  121  8:23  Hydralisk  
  117  8:33  Muscular Augments  
  105  8:37  Evolution Chamber  
  96  8:41  Hydralisk x2, Evolution Chamber  
  96  8:42  Hydralisk x3  
  96  8:44  Evolution Chamber  
  98  8:54  Extractor  
  97  9:20  Hydralisk x7  
  97  9:21  Hydralisk x4  
  117  9:34  Hydralisk  
  117  9:35  Hydralisk x2  
  113  9:47  Infestation Pit  
  113  9:52  Drone x3  
  115  9:53  Drone  
  115  9:54  Drone  
  115  9:56  Extractor  
  116  10:08  Zerg Ground Armor Level 1  
  116  10:10  Zerg Melee Weapons Level 1  
  116  10:11  Zergling x2  
  116  10:12  Zergling x14  
  124  10:23  Drone x2  
  124  10:25  Drone  
  124  10:27  Spore Crawler  
  126  10:31  Zergling x8  
  126  10:34  Overlord x2, Hatchery  
  129  10:38  Zerg Missile Weapons Level 1  
  129  10:40  Hive  
  129  11:00  Extractor  
  129  11:02  Zergling x2  
  129  11:03  Zergling x16  
  137  11:05  Extractor  
  136  11:24  Zergling x4  
  136  11:25  Zergling x16  
  145  11:33  Baneling Nest  
  144  11:53  Spore Crawler  
  143  11:54  Drone x2  
  143  11:55  Drone  
  143  11:56  Drone  
  143  11:59  Spore Crawler  
  146  12:01  Zergling x2  
  146  12:02  Zergling x10  
  146  12:05  Overlord x4  
  146  12:06  Overlord x3  
  152  12:19  Spire  
  151  12:24  Mutalisk  
  151  12:25  Mutalisk x4  
  151  12:26  Mutalisk x4  
  151  12:27  Mutalisk  
Tags
 
Add a new tag
Caveats
  • Supply blocks, unpowered buildings, or Contaminate may cause inaccurate times.
  • Supply counts are checked every 10 seconds.